[Event "5th Sharjah Masters 2022"]
[Site "Sharjah"]
[Date "2022.05.22"]
[Round "2.20"]
[White "Nihal Sarin"]
[Black "Muradli, Mahammad"]
[Result "0-1"]
[ECO "E11"]
[WhiteElo "2646"]
[BlackElo "2539"]
[Annotator "TA"]
[PlyCount "90"]
[EventDate "2022.05.21"]
[EventType "swiss"]
[EventCountry "UAE"]
[SourceTitle "playchess.com"]
[Source "ChessBase"]
[SourceQuality "1"]
[TimeControl "5400+30"]

1. d4 {[%emt 0:00:12] Edouard,Romain} d5 2. c4 e6 3. Nf3 Nf6 4. g3 Bb4+ 5. Bd2 Be7 6. Bg2 O-O 7. Qc2 {[%emt 0:00:10] E11: Bogo-Indian.} c6 {[%emt 0:00:43] 7...Nbd7 deserves study.} 8. h4 Nbd7 9. Nc3 {[%emt 0:01:57] [#] The position is equal.} Nb6 $5 $146 {[%emt 0:07:56][%mdl 8] An interesting novelty.} ({Predecessor:} 9... dxc4 10. Rd1 b5 11. Ne5 Nxe5 12. dxe5 Nd5 13. Ne4 f5 14. exf6 gxf6 15. b3 cxb3 16. axb3 {1-0 (47) Dubov,D (2699)-Ding,L (2791) chess24.com INT 2020 CBM 196 Extra [Edouard,Romain]}) 10. b3 dxc4 11. e4 c5 12. dxc5 Nbd7 13. bxc4 Nxc5 (13... Ng4 $5 ) 14. e5 (14. Bg5 $1 $11) 14... Ng4 $15 {[%emt 0:02:22] ...Nd3+ is the strong threat.} 15. Ke2 {[%emt 0:00:01] Inhibits Nd3.} (15. O-O $15) 15... Bd7 16. Bf4 Qa5 17. Ng5 $1 g6 18. Rhd1 (18. Kf1 $15) 18... Qa6 {[%emt 0:04:19] Chess con chili.} ({Black should try} 18... f6 $19 19. exf6 Bxf6) 19. Kf1 (19. Rac1 $142) 19... Qxc4+ $17 20. Qe2 Qxc3 21. Qxg4 Bb5+ (21... Ba4 $19 22. Rdc1 Bc2) 22. Kg1 h5 23. Qh3 (23. Qf3 $17 {was the only defense.} Qxf3 24. Nxf3) 23... Be2 24. Rdc1 Qa3 25. Be3 Rad8 26. Ne4 (26. Be4 $142) 26... Bg4 27. Qh1 Nxe4 28. Bxe4 b6 29. Bf3 Bxf3 $1 30. Qxf3 Rd5 31. Kg2 Rxe5 32. Rc7 Rf5 33. Qb7 Bf6 34. Rd1 Qxa2 35. Rdd7 Be5 36. Rc8 {[%emt 0:00:15] [#]} Rxc8 (36... Qe2 $1 $19 {Hoping for ...Rxc8.} 37. Rxf8+ Kxf8 38. Rd8+ Kg7) 37. Qxc8+ $11 Kh7 (37... Kg7 $5 38. Qe8 Qc4 $11) 38. Qe8 $1 {[%emt 0:00:55] aiming for Rd8.} (38. Qf8 $2 Bg7 39. Qa8 (39. Rxf7 $2 Rxf7 40. Qxf7 a5 $19) 39... Qe2 40. Rxa7 b5 $19) 38... Bg7 $1 39. Rd8 g5 $1 {[%emt 0:00:01] White must now prevent ...gxh4.} 40. Qg8+ Kg6 $1 {[%emt 0:00:01] Threatens to win with ...gxh4.} 41. hxg5 {[%emt 0:00:35] [#]} (41. Bd4 $11 {and White has nothing to worry.} e5 42. hxg5) 41... Rd5 $1 $19 {[%emt 0:02:15] And now ...Rxd8 would win.} ({Not} 41... Qe2 42. Bd4 Qe4+ 43. Kg1 (43. Kh2 Rxf2+ 44. Bxf2 Qc2 $11) 43... Qe1+ 44. Kg2 Qe4+ 45. Kh2 Rxf2+ 46. Bxf2 $11) 42. Rb8 (42. Rf8 $2 Rd7 43. Rc8 Qd5+ 44. Kh2 Qe4 $19) (42. Bd4 e5 43. Be3) 42... Rd1 {[%emt 0:00:50] ( -> ...Qd5+)} 43. Qc8 Qd5+ {[%emt 0:00:12] Black mates.} ({Don't go for} 43... Qe2 $2 44. Qc6 Qf1+ 45. Kh2 Qg1+ 46. Kh3 Qh1+ 47. Qxh1 Rxh1+ 48. Kg2 $19) 44. f3 Qa2+ 45. Bf2 Rd2 {[%emt 0:00:06] Weighted Error Value: White=0.61/Black=0.21 (precise)} 0-1

[Event "5th Sharjah Masters 2022"]
[Site "Sharjah"]
[Date "2022.05.22"]
[Round "2.21"]
[White "Ter-Sahakyan, Samvel"]
[Black "Vokhidov, Shamsiddin"]
[Result "1/2-1/2"]
[ECO "C65"]
[WhiteElo "2640"]
[BlackElo "2536"]
[Annotator "TA"]
[PlyCount "148"]
[EventDate "2022.05.21"]
[EventType "swiss"]
[EventCountry "UAE"]
[SourceTitle "playchess.com"]
[Source "ChessBase"]
[SourceQuality "1"]
[TimeControl "5400+30"]

1. e4 e5 2. Nf3 Nc6 3. Bb5 Nf6 4. d3 Bc5 5. Bg5 h6 6. Bh4 {[%emt 0:00:13] C65: Ruy Lopez: Berlin Defence (3...Nf6), unusual lines and 4 0-0 Bc5.} Be7 7. Nbd2 d6 8. c3 {[%emt 0:01:42] The position is equal.} O-O {[%emt 0:00:53] [#]} 9. Ba4 $146 ({Predecessor:} 9. O-O Nh5 10. Bg3 Nxg3 11. hxg3 Bf6 12. a4 a5 13. Re1 g6 14. Nf1 Bg7 15. Ne3 {1-0 (48) Ter Sahakyan,S (2553)-Swiercz,D (2654) Chess.com INT 2018}) 9... Nd7 (9... Nh5 {feels stronger.} 10. Bg3 Nxg3 11. hxg3 Rb8) 10. Bg3 $11 Nc5 11. Bc2 f5 12. b4 fxe4 13. dxe4 (13. bxc5 {feels hotter.} exf3 14. Nxf3 Bg4 15. cxd6 cxd6 16. d4) 13... Ne6 14. Nc4 Bf6 15. O-O Ne7 16. Ne3 g6 17. a3 Bg7 18. Bb3 Kh7 19. Ra2 a5 20. Rd2 Qe8 21. Re1 Nf4 22. c4 axb4 23. axb4 b6 24. c5 bxc5 25. bxc5 dxc5 26. Qc2 Qb5 {[%emt 0:04:43] [#]} (26... Be6 $11) 27. Rb1 $1 $16 {[%emt 0:01:43][%cal Ob3g8] Hoping for Bg8+!} Qc6 28. Nd5 Nexd5 29. Bxd5 Nxd5 30. Rxd5 Qa4 31. Rxc5 Bb7 (31... Qxc2 $16 {keeps fighting.} 32. Rxc2 Bb7) 32. Qxa4 $18 Rxa4 33. Rxc7 Bxe4 {[%emt 0:00:13] [#]} 34. Bxe5 $1 Rg8 {[%emt 0:00:09] [#]} (34... Bxb1 $2 35. Rxg7+ Kh8 36. Rxg6+ Kh7 37. Rg7+ Kh8 38. Rg4+ Kh7 39. Rg7+ Kh8 40. Rg4+ Kh7 41. Rxa4 $18) 35. Rb8 Ra8 $16 (35... Rxb8 $2 36. Rxg7+ Kh8 37. Rxg6+ Kh7 38. Rg7+ Kh8 39. Rb7+ Kg8 40. Rxb8+ $18) 36. Rxa8 {[%emt 0:01:36] White is much more active.} ({White should play} 36. Rb3 {[%cal Of3g5] aiming for Ng5+!} Kh8 {[#]} 37. Ng5 $1 ) 36... Bxa8 37. Nd4 {[%emt 0:01:06] Threatens to win with Ne6.} Bd5 {[%emt 0:00:01] Inhibits Ne6.} 38. Rd7 Bc4 39. f4 {[%emt 0:00:33] Rc7 is the strong threat.} Kh8 40. Nf3 Be6 41. Re7 Bd5 42. Kf2 Bxe5 43. Nxe5 $14 {[%emt 0:00:11][%mdl 4096] Endgame KRB-KRN} Rg7 44. h4 Kh7 45. Re8 Rc7 46. g4 Kg7 47. Ke3 Ra7 48. Rd8 Bf7 49. Ke4 Ra4+ 50. Rd4 Bb3 51. Rxa4 Bxa4 {[%emt 0:00:01] KB-KN} 52. g5 hxg5 53. hxg5 Bc2+ 54. Kd5 Bf5 55. Kc6 Kf8 56. Kd6 Ke8 57. Nc6 {[%emt 0:00:32] And now Ne7 would win.} Kf7 58. Ne7 Bd3 59. Nd5 Bf5 60. Ne3 Bd3 61. Ng4 {[%emt 0:00:14] Ne5+ would kill now.} Kf8 62. Nh6 Bc4 $1 63. Kd7 Bd5 64. Ng4 Be4 {[%emt 0:00:14] ( -> ...Bf5+)} 65. Kd8 Kf7 66. Nh6+ Kf8 67. Kd7 {[%emt 0:00:05] With the idea Kd6.} Bd5 $1 68. Kd6 Bb3 ({Black should try} 68... Bc4 $1 $11) 69. Ng4 {[%emt 0:00:20] White is slightly better.} Bc2 $1 70. Nh2 Kf7 71. Nf3 Bf5 $1 72. Nd4 {[%emt 0:00:24] Against Bc2} Be4 73. Ne6 Bf5 74. Nc5 Ke8 {[%emt 0:00:25] White really could win this.  Weighted Error Value: White=0.06 (flawless) /Black=0.09 (flawless)} 1/2-1/2

[Event "5th Sharjah Masters 2022"]
[Site "Sharjah"]
[Date "2022.05.22"]
[Round "2.22"]
[White "Suleymanli, Aydin"]
[Black "Petrosyan, Manuel"]
[Result "1/2-1/2"]
[ECO "A28"]
[WhiteElo "2537"]
[BlackElo "2638"]
[Annotator "TA"]
[PlyCount "45"]
[EventDate "2022.05.21"]
[EventType "swiss"]
[EventCountry "UAE"]
[SourceTitle "playchess.com"]
[Source "ChessBase"]
[SourceQuality "1"]
[TimeControl "5400+30"]

1. c4 Nf6 2. Nc3 e5 3. Nf3 Nc6 4. e4 Bb4 5. d3 d6 6. a3 {[%emt 0:00:42] A28: English Opening: Four Knights Variation.} Bc5 7. b4 Bb6 8. Na4 Bg4 9. Nxb6 axb6 10. Bb2 $1 {[%emt 0:00:11] [#]} Qe7 $146 ({Predecessor:} 10... Bxf3 11. Qxf3 Nd7 12. g3 Qf6 13. Qd1 Nf8 14. Bg2 Ne6 15. O-O g5 16. Bh3 h5 17. Bxe6 Qxe6 {1-0 (83) Abdusattorov,N (2633)-Carlsen,M (2856) Warsaw 2021}) 11. Be2 h5 12. Nd2 Bxe2 13. Qxe2 Nd4 (13... Nd8 $11) 14. Bxd4 $14 exd4 15. Nb3 c5 16. a4 g6 17. O-O O-O 18. Qd2 Ra7 19. Qg5 Qd8 (19... Rfa8 $5 ) 20. Qg3 Qe7 {[%emt 0:03:39] The position is equal.} 21. Qg5 Qd8 22. Qg3 Qe7 23. Qg5 {[%emt 0:38:25] Weighted Error Value: White=0.09 (flawless) /Black=0.09 (flawless)} 1/2-1/2

[Event "5th Sharjah Masters 2022"]
[Site "Sharjah"]
[Date "2022.05.22"]
[Round "2.23"]
[White "Ponkratov, Pavel"]
[Black "Aditya Mittal"]
[Result "1-0"]
[ECO "B55"]
[WhiteElo "2624"]
[BlackElo "2490"]
[Annotator "TA"]
[PlyCount "71"]
[EventDate "2022.05.21"]
[EventType "swiss"]
[EventCountry "UAE"]
[SourceTitle "playchess.com"]
[Source "ChessBase"]
[SourceQuality "1"]
[TimeControl "5400+30"]

1. e4 c5 2. Nf3 d6 3. d4 cxd4 4. Nxd4 Nf6 5. Bb5+ Nbd7 6. c4 {[%emt 0:00:06] B55: Sicilian: 2...d6 3 d4 cxd4 4 Nxd4 Nf6 5 f3.} a6 7. Ba4 (7. Bxd7+ $5 Bxd7 8. Qd3 $11) 7... e5 8. Nf5 {[%emt 0:00:19] The position is equal.} Nxe4 9. O-O {[%emt 0:00:24] [#]} g6 $146 ({Predecessor:} 9... Rb8 10. Re1 b5 11. Bc2 Ndf6 12. Qf3 {½-½ (12) Maurizzi,M (2493)-Wachinger,N (2376) Terme Catez 2022}) 10. Ne3 Nec5 11. Nc3 Nxa4 12. Qxa4 b5 {[%emt 0:05:05] [#]} (12... f5 $1 $11) 13. Nxb5 $1 {[%emt 0:10:24][%mdl 64] Pin} Bb7 14. Nc3 Rc8 15. Rd1 Qc7 (15... f5 $14) 16. b4 $16 {[%emt 0:07:37] Black must now prevent Ncd5. White is more active.} Qc6 17. Qb3 {[%emt 0:07:59] aiming for Ncd5.} Bh6 {[%emt 0:05:17] And now ...Bxe3 would win.} 18. Ned5 Bxc1 {[%emt 0:12:26] This move loses the game for Black.} (18... Bf8 $16) 19. Ne4 $18 Kf8 20. Raxc1 {[%emt 0:01:11] Hoping for a4.} f5 21. Ng5 {[%emt 0:03:39] Ne3 is the strong threat.} Nb6 $2 {[%emt 0:02:27] [#]} (21... Kg7 22. Ne6+ Kf7) 22. Ne3 $1 {[%emt 0:02:30] Threatens to win with c5. Pair of Knights!} (22. Ne6+ Kf7 23. a4 (23. Ng5+ Kg7 $11) 23... Nxd5 $11) 22... d5 23. b5 axb5 24. Qa3+ Ke8 (24... Kg8 $142 25. cxd5 (25. Qe7 Qd7 $14) 25... Qd7) 25. cxd5 Qd7 26. Qb2 Qd6 27. Qxb5+ Ke7 28. Rb1 Nd7 29. Qxb7 Rc5 30. Ne6 Rb8 {[%emt 0:00:02] [#]} 31. Qxb8 $3 Nxb8 32. Nxc5 Qxc5 33. d6+ Ke6 34. Rxb8 f4 35. Nf1 Qc2 36. Rd2 {[%emt 0:35:37] Weighted Error Value: White=0.15 (very precise) /Black=0.57} 1-0

[Event "5th Sharjah Masters 2022"]
[Site "Sharjah"]
[Date "2022.05.22"]
[Round "2.24"]
[White "Msellek, Ilyass"]
[Black "Ivic, Velimir"]
[Result "1-0"]
[ECO "B51"]
[WhiteElo "2411"]
[BlackElo "2623"]
[Annotator "TA"]
[PlyCount "91"]
[EventDate "2022.05.21"]
[EventType "swiss"]
[EventCountry "UAE"]
[SourceTitle "playchess.com"]
[Source "ChessBase"]
[SourceQuality "1"]
[TimeControl "5400+30"]

1. e4 c5 2. Nf3 d6 3. Bb5+ Nd7 4. O-O a6 5. Bd3 Ngf6 6. c3 {[%emt 0:01:21] B51: Sicilian: Moscow Variation (3 Bb5+) without 3...Bd7.} b5 7. a4 c4 8. Bc2 {[%emt 0:00:00] White is slightly better.} Bb7 9. axb5 axb5 10. Rxa8 Bxa8 11. Na3 {[%emt 0:00:00] [#]} e6 $146 ({Predecessor:} 11... Nxe4 12. Nxb5 Nec5 13. Qe2 Nb6 14. Na3 Bd5 15. Ne1 Qa8 16. f3 e6 17. d3 cxd3 18. Nxd3 {0-1 (51) Vagman,R (2031)-Nedobora,M (2362) Petah Tikva 2019}) 12. Nxb5 (12. Qe2 $16) 12... Bxe4 (12... Nxe4 $11 13. d3 cxd3 14. Qxd3 (14. Bxd3 Nef6 $16) 14... Be7) 13. Bxe4 $16 Nxe4 14. d3 cxd3 15. c4 (15. Qxd3 $16 d5 16. Bf4) 15... Be7 16. Qxd3 Ndf6 (16... Ndc5 17. Qc2 $16) 17. Nfd4 {[%emt 0:00:00] Strongly threatening b4.} Qd7 $1 18. b4 O-O $1 19. Nc2 h6 20. f3 Ng5 21. Rd1 d5 22. Nc3 ({White should try} 22. c5 $16) 22... Rd8 (22... Rb8 $11 {should be considered.}) 23. Bf4 ({White should play} 23. c5 $14) 23... Qb7 $2 (23... dxc4 $11 24. Qxc4 Nd5) 24. c5 d4 {[%emt 0:00:23] [#]} 25. Nb5 $36 {[%emt 0:02:06][%mdl 2048] Black is under strong pressure.} (25. Nxd4 Qxb4 26. Bd6 Bxd6 27. cxd6 Qxd6 $17) 25... Nd5 26. Nd6 (26. Bd6 $16) 26... Qb8 $1 $11 ({Less strong is} 26... Bxd6 27. Bxd6 Nc3 28. Rd2 $16) 27. Qxd4 {[%emt 0:00:55][%cal Od6f7] Black must now prevent Nxf7!} Bf6 $2 (27... Nxf4 $14 28. Qxf4 f6) 28. Be5 {[%emt 0:00:14] Hoping for b5.} Nxb4 {[%emt 0:01:02] [#]} 29. Rb1 $1 ({But not} 29. Nxb4 $6 Bxe5 30. Qxe5 Qxb4 $14) ({Resist} 29. Bxf6 Nxc2 30. Qf2 gxf6 $16) 29... Nxc2 30. Rxb8 Rxb8 {[%emt 0:00:17][%mdl 8192] Loses the game.} (30... Nxd4 $16 31. Rxd8+ Bxd8 32. Bxd4 e5 33. Bxe5 f6) 31. Qc3 $18 {[%emt 0:00:59] White is clearly winning.} Rb1+ 32. Kf2 Bxe5 33. Qxe5 {[%emt 0:00:39] Threatens to win with c6.} Nb4 {[%emt 0:00:13] ...Nd3+ is the strong threat.} 34. Qc3 {[%emt 0:00:41] Prevents Nd3+.} Nc6 35. Qc2 Rb4 36. Qa2 Kh7 37. Qa8 Rb2+ 38. Kg3 Nd4 39. h4 {[%emt 0:00:29] Active counter play!} Ne2+ 40. Kh2 Rb4 41. g3 Rb2 42. hxg5 hxg5 43. Qa1 Rd2 44. Ne4 Rc2 45. Qb1 Nd4+ {[%emt 0:01:56] [#]} 46. Qxc2 $3 {[%emt 0:00:14][%mdl 512] Weighted Error Value: White=0.27 (precise) /Black=0.52} 1-0

[Event "5th Sharjah Masters 2022"]
[Site "Sharjah"]
[Date "2022.05.22"]
[Round "2.25"]
[White "Baenziger, Fabian"]
[Black "Ganguly, Surya Shekhar"]
[Result "1/2-1/2"]
[ECO "E54"]
[WhiteElo "2430"]
[BlackElo "2616"]
[Annotator "TA"]
[PlyCount "61"]
[EventDate "2022.05.21"]
[EventType "swiss"]
[EventCountry "UAE"]
[SourceTitle "playchess.com"]
[Source "ChessBase"]
[SourceQuality "1"]
[TimeControl "5400+30"]

1. d4 Nf6 2. c4 e6 3. Nc3 Bb4 4. e3 O-O 5. Bd3 d5 6. Nf3 dxc4 7. Bxc4 c5 8. O-O cxd4 9. exd4 b6 10. Bg5 h6 11. Bh4 Bb7 12. Qe2 Nbd7 {[%emt 0:00:42] E54: Nimzo-Indian: Rubinstein: Main Line: 7...dxc4 8 Bxc4.} 13. Rac1 Rc8 14. Bd3 Be7 15. Ba6 Bxa6 16. Qxa6 Qc7 17. Nd5 Qxc1 18. Nxe7+ Kh7 19. Nxc8 Rxc8 (19... Qxc8 {with more complications.} 20. Qxa7 Qc6 21. Qa6 Nd5) 20. Bxf6 Nxf6 21. Qxa7 Qxb2 (21... Qc7 $5 22. Qa3 g6 $11) 22. Qxf7 Qxa2 23. h3 Qd5 24. Re1 Re8 {[%emt 0:01:57] [#]} 25. Ne5 $146 {[%emt 0:23:10] [#] aiming for Re3.} ({Predecessor:} 25. Qc7 b5 26. Re5 Qb3 27. Kh2 Qc4 28. Rc5 Qe2 29. Qg3 b4 30. Rc7 Rg8 31. Rb7 Nd5 32. Qh4 {1-0 (31) Aleksandrov,A-Linnichenko,M (2148) RCCA email 2003}) 25... Qxd4 {[%emt 0:01:19] The position is equal.} 26. Qg6+ Kg8 27. Qf7+ Kh7 28. Qg6+ Kg8 29. Qf7+ Kh7 30. Qg6+ Kg8 31. Qf7+ {[%emt 0:00:30] Weighted Error Value: White=0.01 (flawless) /Black=0.02 (flawless)} 1/2-1/2

[Event "5th Sharjah Masters 2022"]
[Site "Sharjah"]
[Date "2022.05.22"]
[Round "2.26"]
[White "Hakobyan, Aram"]
[Black "Assaubayeva, Bibisara"]
[Result "1-0"]
[ECO "B90"]
[WhiteElo "2615"]
[BlackElo "2439"]
[Annotator "TA"]
[PlyCount "69"]
[EventDate "2022.05.21"]
[EventType "swiss"]
[EventCountry "UAE"]
[SourceTitle "playchess.com"]
[Source "ChessBase"]
[SourceQuality "1"]
[TimeControl "5400+30"]

1. e4 c5 2. Nf3 d6 3. d4 cxd4 4. Nxd4 Nf6 5. Nc3 a6 6. f3 e5 7. Nb3 Be6 8. Be3 h5 9. Nd5 {[%emt 0:00:20] B90: Sicilian Najdorf: Unusual White 6th moves, 6 Be3 Ng4 and 6 Be3 e5.} Bxd5 10. exd5 Nbd7 11. Qd2 {[%emt 0:00:25] White has an edge.} Rc8 12. O-O-O {[%emt 0:00:11] 12.Na5 is a critical line.} Be7 13. Qa5 $5 {[%emt 0:26:18][%mdl 4] [#] Leaves trodden paths.} h4 $146 ({Predecessor:} 13... O-O 14. Kb1 Re8 15. Be2 g6 16. g4 h4 17. Rhg1 Nh7 18. g5 b6 19. Qd2 b5 {1-0 (46) Nozdrachev,V (2495)-Grebnev,A (2463) Cheliabinsk 2022}) 14. Kb1 Kf8 15. Be2 Rb8 (15... Qxa5 $14 16. Nxa5 Rb8) 16. Qb4 $16 Qc7 17. g4 $1 Nc5 18. g5 Nfd7 (18... Nh5 $16 19. Qxh4 Kg8) 19. Nxc5 $18 Nxc5 20. f4 a5 (20... exf4 {was necessary.} 21. Qxf4 g6) 21. Qc3 exf4 22. Bd4 (22. Bxf4 Kg8 23. Rhg1 g6 $16) 22... Rg8 23. g6 (23. Rhg1 $142) 23... fxg6 {[%emt 0:02:31] [#]} 24. Bg4 (24. Rhe1 $1 $18) 24... b6 (24... g5 $142) 25. Rhe1 $16 {[%emt 0:01:17][%mdl 1024] White has strong compensation.} Qd8 26. Be6 {[%emt 0:18:59] This bishop pair is nice.} Bf6 {[%emt 0:04:28][%cal Og6g5] [#]} 27. Qf3 $1 ({Reject} 27. Bxg8 $6 Kxg8 28. Qf3 g5 $11) 27... g5 28. Qh5 {[%emt 0:00:35][%csl Ge6][%cal Rh5f7] Prevents Rh8.} Nxe6 (28... Qe8 $2 29. Qh7 Nxe6 30. Bxf6 gxf6 31. Rxe6 $18 (31. Qh6+ Rg7 $16)) 29. dxe6 Rb7 {[%emt 0:00:37] Prevents Qf7+.} 30. Bxf6 $40 {[%emt 0:01:22][%mdl 192] Deflection. White is out for blood. 0x0.00215a464e6fdp-1022s more active pieces. The black rooks are badly placed.} Qxf6 (30... gxf6 $16 31. Qh6+ Ke8) 31. Rxd6 $18 {[%emt 0:00:20][%cal Oe6e7] e7+! would kill now.} Ke7 $2 (31... g6 $18 32. e7+ Kg7) 32. Qd1 Rgb8 33. Rd7+ ({Not} 33. Rc6 Rd8 34. Qf3 Ra7 35. Rxb6 (35. Qa3+ Ke8 $11) 35... Ke8 $16) 33... Ke8 34. Qh5+ g6 35. Qh7 {[%emt 0:00:04] Weighted Error Value: White=0.11 (very precise) /Black=0.36} 1-0

[Event "5th Sharjah Masters 2022"]
[Site "Sharjah"]
[Date "2022.05.22"]
[Round "2.27"]
[White "Sargissian, Gabriel"]
[Black "Zawadzka, Jolanta"]
[Result "1-0"]
[ECO "D31"]
[WhiteElo "2694"]
[BlackElo "2409"]
[Annotator "TA"]
[PlyCount "101"]
[EventDate "2022.05.21"]
[EventType "swiss"]
[EventCountry "UAE"]
[SourceTitle "playchess.com"]
[Source "ChessBase"]
[SourceQuality "1"]
[TimeControl "5400+30"]

1. d4 d5 2. c4 e6 3. Nc3 c6 4. e4 dxe4 5. Nxe4 Bb4+ 6. Bd2 Qxd4 7. Bxb4 Qxe4+ 8. Ne2 Na6 9. Bf8 Ne7 (9... Qe5 10. Qd2 $1 Qf6 11. Bd6 $14) 10. Bxg7 {[%emt 0:02:26] D31: Queen's Gambit Declined: Semi-Slav without ...Nf6 (+ Marshall Gambit and Noteboom) and Exchange Variation lines without ...Nf6.} Nb4 11. Qd6 {[%emt 0:02:11] 11.Bxh8 is the modern continuation.} Nc2+ 12. Kd2 {[%emt 0:01:08][%cal Be1d2,Bd2e3,Be3f2][%mdl 32] White is slightly better.} Nxa1 13. Bxh8 e5 14. Qxe5 (14. Bf6 Qc2+ 15. Ke1 Qb1+ 16. Qd1 (16. Kd2 Qxb2+ 17. Ke1 Qb1+ 18. Kd2 Qc2+ 19. Ke1 Qb1+ 20. Kd2 Qb2+ 21. Ke1 Qb1+ $17) 16... Qxa2 $15) 14... Qc2+ 15. Ke3 {[%emt 0:00:47] Strongly threatening Ng3.} Be6 $1 {[%emt 0:05:58] [#]} 16. f3 $146 {[%emt 0:01:43] Threatens to win with b3.} ({Predecessor:} 16. Nd4 Qd1 17. Bf6 O-O-O 18. Bxe7 Rxd4 19. Qh8+ Kc7 20. Qe5+ Kc8 21. Qh8+ Kc7 22. Qe5+ Kc8 {½-½ (22) Khusnutdinov,R (2476)-Papin,V (2513) Sydney 2015}) 16... O-O-O {[%emt 0:04:38] And now ...Ng6 would win.} 17. Bf6 ({But not} 17. Kf2 $2 Ng6 18. Qc3 Rxh8 $19) 17... Rd1 18. Kf2 $1 $16 {[%emt 0:05:02] Really sharp!} ({Reject} 18. Bxe7 $6 Qd2+ 19. Kf2 Qe1+ 20. Ke3 Qd2+ 21. Kf2 Qe1+ 22. Ke3 Qd2+ $11) 18... Nf5 {[%emt 0:05:40] [#]} (18... Ng6 $16 {is a better defense.} 19. Qe4 Bxc4) 19. Bg5 (19. g4 $1 $18 Nd6 20. Bg5) 19... b6 20. Qe4 (20. c5 $16 {Black must now prevent g4.} Kb7 21. Bf4) 20... Qxc4 $14 21. Qxc4 Bxc4 22. g4 Nd6 23. b3 Bxe2 24. Kxe2 Rd5 25. Bf4 Nc2 26. Kf2 Nb4 27. Be2 Kd7 28. Rd1 Rxd1 29. Bxd1 {[%emt 0:00:09][%mdl 4096] Endgame KBB-KNN} Nd3+ 30. Ke3 Nxf4 31. Kxf4 $11 {[%emt 0:00:06] Hoping for g5. KB-KN} f6 32. g5 Ke6 33. Bc2 fxg5+ $1 34. Kxg5 Nf7+ 35. Kh5 $1 Ke5 {[%emt 0:01:56] White stays focused until the end.} (35... Ne5 $14) 36. Bxh7 $18 Kf4 $2 (36... Kf6 37. h4 Ne5) 37. Be4 $2 (37. h4 $18) 37... c5 $2 {[%emt 0:00:04][%mdl 8192] [#]} (37... Ne5 $11) 38. a4 $2 ({Only move:} 38. Kg6 $1 $18 Ne5+ 39. Kf6) 38... a6 $2 (38... Ne5 $11) 39. Bb7 Ne5 $2 (39... a5 40. Be4 Ng5) 40. Bxa6 Nxf3 41. h3 Kg3 42. Kg6 Kxh3 43. Kf6 {[%emt 0:00:09] White mates.} Kg3 44. Ke7 Kf4 45. Kd6 Ne5 46. Kc7 Ke4 47. Kxb6 Kd4 48. Bb5 Kc3 49. a5 Kxb3 50. Kxc5 Ng6 51. a6 {[%emt 0:00:14] Weighted Error Value: White=0.29 (precise) /Black=0.56} 1-0

[Event "5th Sharjah Masters 2022"]
[Site "Sharjah"]
[Date "2022.05.22"]
[Round "2.28"]
[White "Niemann, Hans Moke"]
[Black "Mammadzada, Gunay"]
[Result "1-0"]
[ECO "B94"]
[WhiteElo "2656"]
[BlackElo "2454"]
[Annotator "TA"]
[PlyCount "97"]
[EventDate "2022.05.21"]
[EventType "swiss"]
[EventCountry "UAE"]
[SourceTitle "playchess.com"]
[Source "ChessBase"]
[SourceQuality "1"]
[TimeControl "5400+30"]

1. e4 c5 2. Nf3 d6 3. d4 cxd4 4. Nxd4 Nf6 5. Nc3 a6 6. Bg5 Nbd7 7. Be3 $5 {[%emt 0:00:12][%mdl 4] 7.Qe2 is setting a new trend. A promising side line. B94: Sicilian Najdorf: 6 Bg5 Nbd7.} (7. Bc4 {looks sharper.} h6 8. Bh4 Qb6 9. Bb3) 7... e6 8. g4 h6 9. a4 {[%emt 0:00:09] Inhibits b5. The position is equal.} b6 10. h4 Bb7 11. Bg2 {[%emt 0:00:08] [#] aiming for g5.} Rc8 $146 ({Predecessor:} 11... g6 12. g5 hxg5 13. hxg5 Rxh1+ 14. Bxh1 Nh5 15. Bf3 Ng7 16. Qd2 Rc8 17. O-O-O Ne5 {1-0 (41) Kochavi,O (2253)-Ibrahimli,M (2432) Terme Catez 2022}) 12. g5 $1 Rxc3 13. bxc3 Nxe4 14. g6 $1 {[%emt 0:00:04] And now gxf7+ would win.} Ndf6 15. gxf7+ Kxf7 16. O-O (16. Qf3 Bd5 $11) 16... Be7 17. Re1 e5 $132 {[%emt 0:07:59][%mdl 2048] Black is fighting back} 18. Nf5 (18. Qf3 exd4 19. Bxd4 d5 $17) 18... Qd7 19. Qf3 Rb8 20. Nxe7 {[%emt 0:04:12] Chess con chili.} (20. Bxb6 $2 Nd2 21. Qd3 Bxg2 22. Kxg2 Rxb6 23. Nxe7 Qg4+ 24. Qg3 Qxg3+ 25. Kxg3 Kxe7 $19) 20... Qxe7 21. Qh3 Bc8 {[%emt 0:05:42][%mdl 1024] Black has compensation.} (21... Nxc3 $5 22. Bf1 (22. Bxb6 Bxg2 23. Qxc3 Bd5 $17) 22... Ncd5 $11) 22. Qh1 ({Don't blunder} 22. Qf3 $2 Bg4 23. Qxe4 Nxe4 24. Bxe4 Qxh4 $19) 22... Bf5 23. c4 Qc7 24. Bf1 Nc5 {[%emt 0:02:24] Against Bd3} 25. Ra2 Kg8 26. Qf3 Bg4 27. Qg3 Kh8 28. a5 bxa5 29. Rea1 Nce4 {[%emt 0:02:49] Pair of Knights!} 30. Qg2 {[%emt 0:00:56] Strongly threatening f3.} Bc8 31. Rxa5 Bb7 {[%emt 0:00:08][%cal Oe4d2] White must now prevent ...Nd2!} 32. f3 Nc5 33. Bxc5 dxc5 34. R5a3 e4 $2 {[%emt 0:01:00] [#]} (34... Nh5 $11 {and Black stays safe.}) 35. fxe4 ({White has to play} 35. Qh2 $1 $18 Qxh2+ 36. Kxh2) 35... Bxe4 36. Qg3 Qd8 37. Qe5 ({Better is} 37. c3 $16) 37... Qf8 $11 38. Rxa6 Ng4 {[%emt 0:01:48] [#] Loses the game.} 39. Qg3 $1 $18 h5 40. Bd3 Bb7 (40... Re8 41. Rf1 Qg8) 41. Rf1 Qd8 42. Rd6 Qc8 43. Rf5 {[%emt 0:00:49][%cal Od6d7] Threatening mate with Rd7!} Ra8 44. Rxh5+ {[%emt 0:00:16] White mates.} Kg8 45. Bh7+ Kf7 46. Qf4+ Nf6 {[%emt 0:00:16] [#]} 47. Rxf6+ $1 gxf6 {[%emt 0:00:23] [#]} 48. Bg6+ $1 Kg8 {[%emt 0:00:44] [#]} (48... Ke6 49. Bf5+) 49. Rh8+ $3 {[%emt 0:00:05][%mdl 512] Weighted Error Value: White=0.10 (very precise) /Black=0.47} 1-0